 Dungeon Crawl Stone Soup version 0.31-a0-1169-gd935f9fcdc (webtiles) character file.

Game seed: 14590992488795942227

6783 GreatBamboolord the Adept (level 10, -11/100 HPs)
             Began as a Troll Fighter on Dec 10, 2023.
             Was a Believer of Sif Muna.
             Mangled by a two-headed ogre
             ... wielding a +0 giant club
              (18 damage)
             ... on level 9 of the Dungeon.
             The game lasted 00:13:56 (7662 turns).

GreatBamboolord the Adept (Troll Fighter)           Turns: 7662, Time: 00:13:57

Health: -11/100    AC: 10    Str: 30    XL:     10   Next: 76%
Magic:  14/14      EV:  9    Int:  4    God:    Sif Muna [**....]
Gold:   439        SH: 16    Dex:  9    Spells: 9/9 levels left

rFire   . . .        a - +4 flail (spect)
rCold   . . .        o - +3 tower shield
rNeg    . . .        G - +0 steam dragon scales
rPois   .            (helmet restricted)
rElec   .            q - +2 cloak {rCorr}
rCorr   +            (gloves unavailable)
SInv    .            (boots unavailable)
Will    .....        (no amulet)
Stlth   +            (no ring)
HPRegen 1.16/turn    (no ring)
MPRegen 0.14/turn

%: no passive effects
@: no status effects
A: large, unfitting armour, claws 3, regeneration 1, shaggy fur 1, tough skin 1
a: Renounce Religion, Channel Magic


You were on level 9 of the Dungeon.
You worshipped Sif Muna.
Sif Muna was pleased with you.
You visited 2 branches of the dungeon, and saw 10 of its levels.
You also visited: Ossuary.

You collected 483 gold pieces.
You spent 44 gold pieces at shops.

Inventory:

Hand Weapons
 a - a +4 spectral flail (weapon)
 b - a +1 flail of holy wrath
Missiles
 O - 9 large rocks (quivered)
Armour
 j - the +0 kite shield of Hiph {rN+ Stlth+}
   (You found it on level 2 of the Dungeon)

   rN+:       It protects you from negative energy.
   Stlth+:    It makes you more stealthy.
 o - a +3 tower shield (worn)
 q - a +2 cloak of preservation (worn)
 G - +0 steam dragon scales (worn)
 H - +0 acid dragon scales
Jewellery
 y - a ring of ice
 L - a ring of willpower
Wands
 t - a wand of flame (43)
 F - a wand of charming (9)
 M - a wand of quicksilver (7)
Scrolls
 d - 2 scrolls of enchant armour
 e - a scroll of fear
 h - 4 scrolls of vulnerability
 m - 2 scrolls of blinking
 n - a scroll of fog
 p - 4 scrolls of teleportation
 v - a scroll of silence {unknown}
 w - 5 scrolls of immolation
 A - a scroll of amnesia {unknown}
 B - 6 scrolls of noise
 I - a scroll of brand weapon
 J - a scroll of identify
 K - a scroll of poison {unknown}
Potions
 c - 2 potions of ambrosia {unknown}
 f - a potion of resistance {unknown}
 g - 2 potions of lignification
 i - 5 potions of brilliance
 l - 2 potions of haste {unknown}
 r - 2 potions of enlightenment {unknown}
 s - 5 potions of heal wounds
 u - 2 potions of attraction {unknown}
 x - 2 potions of berserk rage {unknown}
 z - 3 potions of cancellation {unknown}
 C - a potion of mutation
 D - a potion of invisibility {unknown}
 E - 2 potions of magic {unknown}


   Skills:
 + Level 6.5 Fighting
 + Level 6.8 Maces & Flails
 + Level 1.5 Throwing
 + Level 6.4 Dodging
 + Level 7.0 Shields
 * Level 7.3 Invocations


You had 9 spell levels left.
You didn't know any spells.
Your spell library contained the following spells:

 Spells                   Type           Power      Damage    Failure   Level
 Inner Flame              Hex/Fire       0%         N/A       99%         3
 Flame Wave               Conj/Fire      0%         2d4       100%        4
 Sticky Flame             Conj/Fire      0%         2d3       100%        4


Dungeon Overview and Level Annotations

Branches:
Dungeon (9/15)             Temple (1/1) D:5         Ossuary (visited)
   Lair: D:8-11         Orc: D:9-12

Altars:
Ashenzari
Dithmenos
Elyvilon
Fedhas
Gozag
Hepliaklqana
Kikubaaqudgha
Makhleb
Nemelex Xobeh
Okawaru
Qazlal
Ru
Sif Muna
Trog
Uskayaw
Yredelemnul
Zin
The Shining One

Shops:
D:2 *


Innate Abilities, Weirdness & Mutations

You are too large for most types of armour.
You have claws for hands.
Your natural rate of healing is unusually fast.
You are covered in fur. (AC +1)
You have tough skin. (AC +1)


Message History

The orc is moderately wounded.
Your +4 spectral flail hits the orc!
You kill the orc!
Sif Muna accepts your kill.
The two-headed ogre hits you with a +0 giant club!
The two-headed ogre hits you but does no damage.
The orc priest invokes the aid of Beogh against you.
Beogh smites you!
You completely miss the two-headed ogre.
Your +4 spectral flail hits the two-headed ogre.
Unknown command.
You sock the two-headed ogre!
The two-headed ogre is moderately wounded.
Your +4 spectral flail hits the two-headed ogre!
The two-headed ogre hits you with a +0 giant club! x2
The orc priest mumbles some strange prayers to Beogh against you.
Beogh smites you!
The orc hits your +4 spectral flail but does no damage.
You barely miss the two-headed ogre.
The two-headed ogre is moderately wounded.
Your +4 spectral flail hits the two-headed ogre!
You block the two-headed ogre's attack. x2
Unknown command.
You sock the two-headed ogre!
The two-headed ogre is severely wounded.
Your +4 spectral flail hits the two-headed ogre.
The orc closely misses your +4 spectral flail.
The two-headed ogre hits you with a +0 giant club!!
* * * LOW HITPOINT WARNING * * *
You block the two-headed ogre's attack.
You barely miss the two-headed ogre.
The two-headed ogre is almost dead.
Your +4 spectral flail closely misses the two-headed ogre.
The orc misses your +4 spectral flail.
The orc priest hits you but does no damage.
The orc priest calls down the wrath of Beogh upon you.
Beogh smites you!
* * * LOW HITPOINT WARNING * * *
The two-headed ogre hits you with a +0 giant club!!
You die...

.......).....#....#..#.
.........).#.... .......
........<..#...# ......#
..........)##..##......#
##.........)#...........
........................
....................>...
.................(...#
...............)@O..##
................oo..#
#.............).........
.......................#
....................####
..##....#............#
...#..###.............
####### ###############


You could see a two-headed ogre, an orc priest, an orc and a friendly +4
spectral flail.

Vanquished Creatures
  Erica (D:8)
  Amaemon (D:8)
  A cyclops (D:8)
  An orange demon (D:9)
  Maggie (D:7)
  A kobold demonologist (D:9)
  Grinder (D:5)
  Prince Ribbit (D:5)
  4 hogs (D:7)
  A human (D:7)
  Eustachio (D:4)
  2 steam dragons (D:7)
  Edmund (D:5)
  An acid dragon (D:9)
  2 ice beasts
  2 sky beasts (D:6)
  2 black bears
  3 ogres
  2 orc warriors
  A centaur (D:6)
  2 phantoms
  3 bullfrogs
  2 scorpions
  5 wights (D:8)
  A howler monkey (D:5)
  2 orc priests
  A hound (D:7)
  2 jellies
  Crazy Yiuf (D:5)
  2 human zombies (Ossuary)
  6 iguanas
  10 orc wizards
  3 mummies (Ossuary)
  10 adders
  8 white imps
  3 ufetubi (D:6)
  A worm zombie (D:6)
  3 worms
  A dart slug (D:1)
  19 orcs
  6 ball pythons
  7 endoplasms
  2 giant cockroaches
  2 goblins (D:3)
  9 hobgoblins
  7 jackals
  5 kobolds
  A quokka (D:4)
  2 bats
  4 frilled lizards
  2 gnoll zombies (Ossuary)
  3 goblin zombies
  2 kobold zombies (Ossuary)
  6 rats
173 creatures vanquished.

Vanquished Creatures (others)
  A human (D:4)
1 creature vanquished.

Grand Total: 174 creatures vanquished

Notes
Turn   | Place    | Note
-------+----------+-------------------------------------------
     0 | D:1      | GreatBamboolord the Troll Fighter began the quest for the
                  | Orb.
     0 | D:1      | Reached XP level 1. HP: 22/22 MP: 0/0
   191 | D:1      | Reached XP level 2. HP: 29/29 MP: 1/1
   462 | D:1      | Found a faded altar of an unknown god.
  1088 | D:2      | Reached XP level 3. HP: 36/36 MP: 2/2
  1220 | D:2      | Identified the +0 kite shield of Hiph {rN+ Stlth+}
  1555 | D:2      | Reached XP level 4. HP: 44/44 MP: 3/3
  1619 | D:2      | Found Micvosm's General Store.
  1675 | D:2      | Bought a scroll of fog for 44 gold pieces
  2757 | D:4      | Found a burning altar of Makhleb.
  2766 | D:4      | Noticed Eustachio
  2802 | D:4      | Killed Eustachio
  2803 | D:4      | Reached XP level 5. HP: 23/53 MP: 4/4
  3082 | D:4      | Found an ancient bone altar of Kikubaaqudgha.
  3082 | D:4      | Noticed a human
  3085 | D:4      | Killed a human
  3165 | D:4      | Found a blossoming altar of Fedhas.
  3236 | D:4      | Reached XP level 6. HP: 45/61 MP: 5/5
  3589 | D:5      | Entered Level 5 of the Dungeon
  3591 | D:5      | Noticed Edmund
  3602 | D:5      | Killed Edmund
  3628 | D:5      | Noticed Prince Ribbit
  3648 | D:5      | Reached XP level 7. HP: 58/68 MP: 6/6
  3673 | D:5      | Killed Prince Ribbit
  3760 | D:5      | Found a staircase to the Ecumenical Temple.
  3799 | Temple   | Entered the Ecumenical Temple
  3817 | Temple   | Became a worshipper of Sif Muna the Loreminder
  3922 | D:5      | Noticed Grinder
  3924 | D:5      | Paralysed by Grinder for 2 turns
  3942 | D:5      | Paralysed by Grinder for 5 turns
  3959 | D:5      | Paralysed by Grinder for 4 turns
  3967 | D:5      | Killed Grinder
  3968 | D:5      | Reached skill level 1 in Invocations
  3968 | D:5      | Reached XP level 8. HP: 51/79 MP: 6/8
  4087 | D:5      | Reached skill level 5 in Shields
  4285 | D:5      | Found a runed translucent door.
  4286 | D:5      | Noticed Crazy Yiuf
  4293 | D:5      | Killed Crazy Yiuf
  4589 | D:6      | Reached skill level 5 in Maces & Flails
  4620 | D:6      | Reached skill level 5 in Fighting
  4620 | D:6      | Reached skill level 5 in Dodging
  4684 | D:6      | Found a sand-covered staircase.
  4697 | D:6      | Reached * piety under Sif Muna
  4703 | Ossuary  | Entered an ossuary
  4966 | D:6      | Reached XP level 9. HP: 87/88 MP: 9/11
  5456 | D:7      | Noticed Maggie
  5468 | D:7      | Killed Maggie
  5492 | D:7      | Reached skill level 5 in Invocations
  5644 | D:7      | Reached ** piety under Sif Muna
  6106 | D:8      | Reached XP level 10. HP: 94/98 MP: 13/13
  6139 | D:8      | Noticed Erica
  6144 | D:8      | Killed Erica
  6407 | D:8      | Identified the +8 chain mail "Amidit" {rC+ Will- Int+2
                  | Dex+3}
  6658 | D:8      | Noticed a cyclops
  6667 | D:8      | Killed a cyclops
  7428 | D:9      | Noticed Amaemon
  7429 | D:9      | Noticed an orange demon
  7457 | D:8      | Killed Amaemon
  7458 | D:8      | Reached skill level 1 in Throwing
  7579 | D:9      | Noticed an orange demon
  7617 | D:9      | Killed an orange demon
  7653 | D:9      | Noticed a two-headed ogre
  7662 | D:9      | Mangled by a two-headed ogre

Illustrated notes

Levels and vault maps discovered:
D:1:      hellmonk_arrival_library, layout_basic, basic_ecumenical_altar
D:2:      layout_loops_corners, serial_shops, shop, minmay_misc_feat_square
D:3:      layout_basic
D:4:      layout_basic, lemuel_doored_altar, tgw_kikubaaqudgha, fedhas_altar_3,
          uniq_eustachio
D:5:      layout_loops_ring, minmay_temple_entry_wispy, uniq_edmund,
          uniq_prince_ribbit1, uniq_crazy_yiuf_cottage, uniq_grinder
D:6:      minmay_inner_zag, layout_rooms, enter_ossuary_3,
          hangedman_decor_points
D:7:      layout_cave_pools, grunt_livestock, uniq_maggie
D:8:      layout_loops_ring, uniq_erica
D:9:      layout_cave_pools, minitemple, erik_lair_dragon, uniq_amaemon
Temple:   bh_familiar_temple

Skill      XL: |  1  2  3  4  5  6  7  8  9 10 |
---------------+-------------------------------+-----
Maces & Flails | 2 3 4 5 6 |  6.8
Shields        | 3 4 5 6 7 |  7.0
Dodging        | 3 4 5 6 |  6.4
Fighting       | 3 4 5 6 |  6.5
Invocations    | 1 4 5 7 |  7.3
Throwing       | 1 |  1.5

Action                     |  1- 3 |  4- 6 |  7- 9 | 10-12 || total
---------------------------+-------+-------+-------+-------++-------
  Melee: Flail             |    95 |   136 |   296 |   126 ||   653
  Evoke: Wand              |       |     3 |       |       ||     3
    Use: Scroll            |       |     5 |     8 |     5 ||    18
         Potion            |       |     1 |       |     3 ||     4
   Stab: Sleeping          |     5 |     6 |     5 |       ||    16
         Distracted        |       |       |       |     1 ||     1
 Armour: Robe              |    59 |   114 |   137 |       ||   310
         Steam dragon scal |       |       |    34 |    93 ||   127
         Skin              |       |       |     6 |    16 ||    22
  Dodge: Dodged            |    47 |    61 |    76 |    41 ||   225
  Block: Kite shield       |    42 |    49 |    85 |       ||   176
         Tower shield      |       |    62 |    55 |   147 ||   264

Table legend: (Time is in decaauts)
 A = Elapsed time spent in this place.
 B = Non-inter-level travel time spent in this place.
 C = Inter-level travel time spent in this place.
 D = Time resting spent in this place.
 E = Time spent auto-exploring this place.
 F = Levels seen in this place.
 G = Mean time per level.
                   A        B        C        D        E       F      G
               +--------+--------+--------+--------+--------+-----+--------+
         Total |   7877 |   7067 |    810 |    216 |   4975 |  11 |  716.1 |
       Dungeon |   7590 |   6813 |    777 |    216 |   4869 |   9 |  843.3 |
        Temple |     35 |      2 |     33 |      0 |      0 |   1 |   35.0 |
       Ossuary |    250 |    250 |      0 |      0 |    106 |   1 |  250.0 |
               +--------+--------+--------+--------+--------+-----+--------+

Top non-repeatable levels by time:
     D:8: 1174 daAuts
     D:2: 1108 daAuts
     D:1: 1033 daAuts
     D:5: 987 daAuts
     D:4: 927 daAuts
     D:3: 710 daAuts
     D:6: 710 daAuts
     D:7: 688 daAuts
 Ossuary: 250 daAuts
     D:9: 250 daAuts
  Temple: 35 daAuts
